 Dungeon Crawl Stone Soup version 0.23.1 (webtiles) character file.

Game seed: 11151097863267920664

18 Sandy the Sneak (level 2, 0/22 HPs)
             Began as a Deep Dwarf Enchanter on Mar 6, 2019.
             Slain by a river rat (2 damage)
             ... in a sewer.
             The game lasted 00:03:21 (386 turns).

Sandy the Sneak (Deep Dwarf Enchanter)               Turns: 386, Time: 00:03:21

Health: 0/22       AC:  3    Str: 11    XL:     2   Next: 48%
Magic:  1/5        EV: 12    Int: 15    God:
Gold:   23         SH:  0    Dex: 13    Spells: 2/5 levels left

rFire    . . .     SeeInvis .   a - +1 dagger
rCold    . . .     Gourm    .   (no shield)
rNeg     . . .     Faith    .   b - +0 robe
rPois    .         Spirit   .   c - +0 helmet (curse)
rElec    .         Reflect  .   (no cloak)
rCorr    .         Harm     .   (no gloves)
MR       .....                  (no boots)
Stlth    +.........             (no amulet)
HPRegen  0.00/turn              (no ring)
MPRegen  0.09/turn              (no ring)

@: non-regenerating, very slow
A: damage resistance, heal wounds, sense surroundings 1, no regeneration
a: Heal Wounds


You were in a sewer.
You were not hungry.

You visited 1 branch of the dungeon, and saw 3 of its levels.
You also visited: Sewer.

You collected 23 gold pieces.

Inventory:

Hand Weapons
 a - a +1 dagger (weapon)
Armour
 b - a +0 robe (worn)
 c - a cursed +0 helmet (worn)
Comestibles
 d - a ration


   Skills:
 - Level 0.8 Short Blades
 - Level 2.1 Dodging
 - Level 3.6 Stealth
 * Level 2.2 Spellcasting
 + Level 2.8 Hexes


You had 2 spell levels left.
You knew the following spells:

 Your Spells              Type           Power        Failure   Level  Hunger
a - Corona                Hex            ##.....      7%          1    #......
b - Ensorcelled Hibernat  Hex/Ice        #.....       19%         2    ###....

Your spell library contained the following spells:

 Spells                   Type           Power        Failure   Level  Hunger
 Confuse                  Hex            ##......     21%         3    ###....
 Tukima's Dance           Hex            ##......     21%         3    ###....
 Dazzling Spray           Conj/Hex       #.....       34%         3    ###....


Dungeon Overview and Level Annotations

Branches:
Dungeon (3/15)

Altars:
Trog
Uskayaw


Innate Abilities, Weirdness & Mutations

You are resistant to damage.
You can heal yourself by infusing magical energy.
You passively map a small area around you.
You do not regenerate.


Message History

Your unstable footing causes you to fumble your attack.
The rat barely misses you. The river rat bites you!
* * * LOW HITPOINT WARNING * * *
The river rat barely misses you.
The rat splashes around in the water.
Your unstable footing causes you to fumble your attack.
The rat splashes around in the water.
The rat barely misses you. The river rat closely misses you.
The river rat bites you.
The rat splashes around in the water.
You hit the river rat.
The river rat is moderately wounded.
The rat barely misses you. The rat closely misses you.
The river rat bites you but does no damage.
You hit the river rat.
The river rat is moderately wounded.
The rat splashes around in the water.
The rat misses you. The river rat barely misses you.
Your unstable footing causes you to fumble your attack.
The rat splashes around in the water.
The rat bites you but does no damage. The river rat bites you.
You die...

######################
###..≈≈≈≈≈≈≈≈≈≈≈≈≈≈≈....
#....≈≈≈≈≈≈≈.≈≈≈≈≈≈≈≈...
.....≈≈r≈≈≈≈≈≈≈≈≈≈≈≈..∩.
.....≈rrr≈≈#≈#≈≈≈≈≈≈..∩.
.....≈r@r≈.≈≈≈≈≈≈≈≈≈≈...
,....#≈≈≈≈≈≈≈≈≈≈≈≈≈≈≈....
* .. ####################
* * , *


You could see 2 river rats and 4 rats.

Vanquished Creatures
  An adder (D:2)
  A leopard gecko (D:2)
  2 bats
  2 goblins
  A hobgoblin (D:1)
  A rat (D:2)
8 creatures vanquished.

Notes
Turn   | Place    | Note
-------+----------+-------------------------------------------
     0 | D:1      | Sandy the Deep Dwarf Enchanter began the quest for the Orb.
     0 | D:1      | Reached XP level 1. HP: 15/15 MP: 3/3
   128 | D:2      | Found a hide-covered altar of Uskayaw.
   128 | D:2      | Found a bloodstained altar of Trog.
   151 | D:2      | Reached XP level 2. HP: 2/22 MP: 3/5
   154 | D:2      | HP: 1/22 [adder (1)]
   181 | D:2      | Learned a level 2 spell: Ensorcelled Hibernation
   342 | D:3      | Found a glowing drain.
   354 | Sewer    | Entered a sewer
   386 | Sewer    | Slain by a river rat

Skill      XL: |  1 |
---------------+----+-----
Spellcasting   | 2 |  2.2
Short Blades   | |  0.8
Dodging        | |  2.1
Stealth        | |  3.6
Hexes          | |  2.8

Action                   || total
-------------------------++-------
Melee: Dagger            ||    51
 Cast: Corona            ||     2
       Ensorcelled Hiber ||     2
 Abil: Heal Wounds       ||     1
 Stab: Sleeping          ||     1
Armor: Robe              ||    27
Dodge: Dodged            ||    71
